 Dungeon Sprint DCSS version 0.31-a0-703-gcfe89afef6 (webtiles) character file.

Game seed: 3851408889731817039

992 sircluck the Grappler (level 7, -6/83 HPs)
             Began as a Troll Berserker on Sept 8, 2023.
             Was a Priest of Trog.
             Mangled by a deep troll (15 damage)
             ... in the Dungeon (Sprint I: "Red Sonja").
             The game lasted 00:01:02 (231 turns).

sircluck the Grappler (Troll Berserker)              Turns: 231, Time: 00:01:03

Health: -6/83      AC:  5    Str: 28    XL:     7   Next: 98%
Magic:  6/6        EV: 12    Int:  3    God:    Trog [***...]
Gold:   501        SH:  0    Dex:  9    Spells: 6/6 levels left

rFire   . .          .
                       - Unarmed
rCold   . . .        (no shield)
rNeg    . . .        a - +0 animal skin
rPois   .            (helmet restricted)
rElec   .            j - +0 cloak
rCorr   .            (gloves unavailable)
SInv    .            (boots unavailable)
Will    .....        (no amulet)
Stlth   +            (no ring)
HPRegen 1.13/turn    (no ring)
MPRegen 0.10/turn

%: no teleportation
@: no status effects
A: large, unfitting armour, claws 3, regeneration 1, shaggy fur 1, tough skin 1
a: Renounce Religion, Berserk, Trog's Hand


You were in the Dungeon.
You worshipped Trog.
Trog was most pleased with you.
You visited 1 branch You collected 622 gold pieces.
You spent 121 gold pieces at shops.

Inventory:

Missiles
 i - 4 javelins
 k - 4 curare-tipped darts
 l - 8 stones
 m - 4 boomerangs
Armour
 a - a +0 animal skin (worn)
 j - a +0 cloak (worn)
Wands
 h - a wand of roots (10)
Scrolls
 g - a scroll of blinking
Potions
 b - 3 potions of curing
 c - a potion of heal wounds
 d - a potion of haste
 e - 2 potions of magic
 f - a potion of berserk rage


   Skills:
 + Level 9.0 Fighting
 + Level 8.9 Dodging
 + Level 10.5 Unarmed Combat


You had 6 spell levels left.
You didn't know any spells.
Your spell library was empty.

Dungeon Overview and Level Annotations

Branches:
Dungeon (1/1)

Altars:
Cheibriados
Dithmenos
Elyvilon
Fedhas
Gozag
Hepliaklqana
Kikubaaqudgha
Nemelex Xobeh
Okawaru
Qazlal
Ru
Sif Muna
Trog
Uskayaw
Vehumet
Wu Jian
Yredelemnul
Zin
The Shining One

Shops:
D [


Innate Abilities, Weirdness & Mutations

You are too large for most types of armour.
You have claws for hands.
Your natural rate of healing is unusually fast.
You are covered in fur. (AC +1)
You have tough skin. (AC +1)


Message History

There is an open door here.
You open the door.
A deep troll comes into view.
The deep troll shouts!
Found 108 gold pieces.
There is an open door here.
You closely miss the deep troll. Your claw misses the deep troll.
The deep troll misses you. The deep troll barely misses you. x2
You completely miss the deep troll. The deep troll bites you.
The deep troll claws you! The deep troll barely misses you.
You claw the deep troll!
The deep troll is moderately wounded.
The deep troll bites you!! The deep troll claws you. The deep troll claws you!
You are too injured to fight recklessly!
You are too injured to fight recklessly!
You are too injured to fight recklessly!
You are too injured to fight recklessly!
You are too injured to fight recklessly!
You are too injured to fight recklessly!
You are too injured to fight recklessly!
You are too injured to fight recklessly!
You are too injured to fight recklessly!
You are too injured to fight recklessly!
You scratch the deep troll but do no damage.
The deep troll is moderately wounded.
You claw the deep troll!
The deep troll is heavily wounded.
The deep troll bites you!
* * * LOW HITPOINT WARNING * * *
The deep troll closely misses you. The deep troll claws you!
* * * LOW HITPOINT WARNING * * *
You scratch the deep troll.
The deep troll is heavily wounded.
The deep troll misses you.
The deep troll claws you but does no damage.
The deep troll closely misses you.
You closely miss the deep troll.
The deep troll is heavily wounded.
The deep troll bites you!
You die...

#..#####'#####'#
#..####..#...#.#
#..#__####.†##.#
#..#_____##'#_.+
#⌠⌠#_.∩...'..._#
####_..__##_.#'#
#_____###'#.#
#########)####+###
+...@T$.$$+
#...#######
###.### #.#'#.#
#.....# #.....#
#######


You could see a deep troll.

Vanquished Creatures
  Sonja (D)
  Sigmund (D)
  A yak (D)
  An ogre (D)
  A jelly (D)
  Ijyb (D)
6 creatures vanquished.

Vanquished Creatures (others)
  2 ballistomycete spores (D)
2 creatures vanquished.

Grand Total: 8 creatures vanquished

Notes
Turn   | Place    | Note
-------+----------+-------------------------------------------
     0 | D        | sircluck the Troll Berserker began the quest for the Orb.
     0 | D        | Reached XP level 1. HP: 22/22 MP: 0/0
     1 | D        | Noticed Ijyb
     5 | D        | Killed Ijyb
     6 | D        | Reached skill level 4 in Unarmed Combat
     6 | D        | Reached XP level 2. HP: 14/32 MP: 1/1
    23 | D        | Noticed an ogre
    29 | D        | Killed an ogre
    30 | D        | Reached skill level 5 in Fighting
    30 | D        | Reached skill level 5 in Dodging
    30 | D        | Reached skill level 6 in Unarmed Combat
    30 | D        | Reached XP level 3. HP: 36/42 MP: 2/2
    30 | D        | Reached XP level 4. HP: 42/50 MP: 3/3
    34 | D        | Noticed Sigmund
    42 | D        | Killed Sigmund
    42 | D        | Reached ** piety under Trog
    43 | D        | Reached skill level 7 in Unarmed Combat
    43 | D        | Reached XP level 5. HP: 54/61 MP: 4/4
    43 | D        | Reached XP level 6. HP: 60/68 MP: 5/5
    68 | D        | Found an ornate altar of the Wu Jian Council.
    68 | D        | Found a shimmering blue altar of Sif Muna.
    70 | D        | Found a radiant altar of Vehumet.
    74 | D        | Reached skill level 8 in Unarmed Combat
    88 | D        | Found Vuagros's Antique Armour Emporium.
    88 | D        | Found an ancient bone altar of Kikubaaqudgha.
    88 | D        | Found a hazy altar of Hepliaklqana.
    88 | D        | Found a stormy altar of Qazlal.
    88 | D        | Found a hide-covered altar of Uskayaw.
    88 | D        | Found a blossoming altar of Fedhas.
    88 | D        | Found a bloodstained altar of Trog.
    88 | D        | Found an iron altar of Okawaru.
    88 | D        | Found a basalt altar of Yredelemnul.
    88 | D        | Found a glowing golden altar of the Shining One.
    88 | D        | Found a snail-covered altar of Cheibriados.
    88 | D        | Found a sacrificial altar of Ru.
    88 | D        | Found a glowing silver altar of Zin.
    88 | D        | Found a shadowy altar of Dithmenos.
    88 | D        | Found a white marble altar of Elyvilon.
    88 | D        | Noticed a yak
    90 | D        | Found an opulent altar of Gozag.
    99 | D        | Killed a yak
   115 | D        | Found a sparkling altar of Nemelex Xobeh.
   123 | D        | Bought a cloak for 121 gold pieces
   139 | D        | Noticed Sonja
   149 | D        | Killed Sonja
   149 | D        | Reached *** piety under Trog
   150 | D        | Reached skill level 10 in Unarmed Combat
   150 | D        | Reached XP level 7. HP: 48/83 MP: 6/6
   223 | D        | Noticed a deep troll
   231 | D        | Mangled by a deep troll

Illustrated notes

Levels and vault maps discovered:
D:        dungeon_sprint_1 [red_sonja_temple_1, red_sonja_temple_small_1]

Skill      XL: |  1  2  3  4  5  6 |
---------------+-------------------+-----
Fighting       | 3 5 6 9 |  9.0
Dodging        | 3 5 6 8 |  8.9
Unarmed Combat | 4 6 7 10 | 10.5

Action                     |  1- 3 |  4- 6 |  7- 9 || total
---------------------------+-------+-------+-------++-------
  Melee: Unarmed           |     8 |    18 |     7 ||    33
         Punch             |     1 |       |       ||     1
 Invoke: Berserk           |       |     1 |       ||     1
  Evoke: Wand              |     1 |       |       ||     1
    Use: Potion            |       |       |     1 ||     1
 Armour: Animal skin       |     2 |    23 |    10 ||    35
  Dodge: Dodged            |     2 |     9 |     7 ||    18

Table legend: (Time is in decaauts)
 A = Elapsed time spent in this place.
 B = Non-inter-level travel time spent in this place.
 C = Inter-level travel time spent in this place.
 D = Time resting spent in this place.
 E = Time spent auto-exploring this place.
 F = Levels seen in this place.
 G = Mean time per level.
                   A        B        C        D        E       F      G
               +--------+--------+--------+--------+--------+-----+--------+
         Total |    233 |    233 |      0 |     16 |     55 |   1 |  233.0 |
       Dungeon |    233 |    233 |      0 |     16 |     55 |   1 |  233.0 |
               +--------+--------+--------+--------+--------+-----+--------+

Top non-repeatable levels by time:
       D: 233 daAuts
